 Dungeon Crawl Stone Soup version 0.30-a0-341-g682706514a (webtiles) character file.

Game seed: 8853897307842663479

140 Elric the Poker (level 5, -1/41 HPs)
             Began as a Merfolk Gladiator on Nov 2, 2022.
             Splashed by a jelly's acid (6 damage)
             ... on level 2 of the Dungeon.
             The game lasted 00:05:40 (2005 turns).

Elric the Poker (Merfolk Gladiator)                 Turns: 2005, Time: 00:05:44

Health: -1/41      AC:  0    Str: 16    XL:     5   Next: 23%
Magic:  5/5        EV: 14    Int:  7    God:
Gold:   101        SH:  0    Dex: 16    Spells: 4/4 levels left

rFire   . . .      SeeInvis .    o - +4 spear
rCold   . . .      Faith    .    (no shield)
rNeg    . . .      Spirit   .    b - +0 leather armour
rPois   .          Reflect  .    c - +0 helmet
rElec   .          Harm     .    r - scarf {+Inv}
rCorr   .          Rampage  .    (no gloves)
Will    .....                    (no boots)
Stlth   +.........               (no amulet)
HPRegen 0.26/turn                (no ring)
MPRegen 0.09/turn                (no ring)

@: corroded
A: (nimble swimmer 2), mertail
a: Evoke Invisibility


You were on level 2 of the Dungeon.
You visited 1 branch of the dungeon, and saw 2 of its levels.

You collected 101 gold pieces.

Inventory:

Hand Weapons
 a - a +0 trident
 o - a +4 spear (weapon)
Missiles
 d - 3 throwing nets (quivered)
 e - a javelin
Armour
 b - a +0 leather armour (worn)
 c - a +0 helmet (worn)
 r - a scarf of invisibility (worn)
Scrolls
 j - 6 scrolls of identify {unknown}
 l - a scroll of fear {unknown}
 n - a scroll of magic mapping {unknown}
 p - 2 scrolls of summoning {unknown}
 q - 2 scrolls of enchant weapon {unknown}
Potions
 f - a potion of cancellation {unknown}
 g - a potion of degeneration {unknown}
 h - a potion of berserk rage
 i - a potion of haste {unknown}
 k - 2 potions of lignification {unknown}
 m - a potion of flight {unknown}


   Skills:
 + Level 3.4 Fighting
 * Level 5.9 Polearms
 - Level 2.2 Throwing
 + Level 5.1 Dodging


You had 4 spell levels left.
You didn't know any spells.
Your spell library contained the following spells:

 Spells                   Type           Power      Damage    Failure   Level
 Stone Arrow              Conj/Erth      0%         3d7       86%         3
 Animate Armour           Summ/Erth      0%         N/A       99%         4
 Lehudib's Crystal Spear  Conj/Erth      0%         10d2      100%        8


Dungeon Overview and Level Annotations

Branches:
Dungeon (2/15)

Altars:

Annotations:
D:2 1 runed translucent door, Crazy Yiuf


Innate Abilities, Weirdness & Mutations

((You are very nimble when in or above water. (Stealth+, EV+, Speed+++)))
Your lower body shifts to a powerful aquatic tail in water.


Message History

The endoplasm jiggles.
Things that are here:
a +0 dagger; 2 stones; a kobold corpse You feel better.
The endoplasm hits you.
Okay, then.
o - a +4 spear (weapon)
You hit the endoplasm.
You kill the endoplasm!
You hit the jelly.
You kill the jelly!
You have reached level 5!
You feel agile.
Reach: o) +4 spear
Press: ? - help, Dir - move target, f - jelly
Aim: a jelly (about 9% to evade your +4 spear)
You reach to attack!
You barely miss the jelly.
Reach: o) +4 spear
Press: ? - help, Dir - move target, f/p - jelly
Aim: a jelly (about 9% to evade your +4 spear)
You reach to attack!
You hit the jelly.
The jelly is lightly wounded.
Reach: o) +4 spear
Press: ? - help, Dir - move target, f/p - jelly
Aim: a jelly (lightly wounded, about 9% to evade your +4 spear)
You hit the jelly.
Your hands burn!
The jelly is lightly wounded.
You hit the jelly.
Your hands burn!
The jelly is moderately wounded.
The jelly completely misses you.
You hit the jelly.
Your hands burn!
* * * LOW HITPOINT WARNING * * *
The jelly is heavily wounded.
The jelly closely misses you.
You hit the jelly but do no damage.
Your hands burn!
* * * LOW HITPOINT WARNING * * *
The jelly is heavily wounded.
The jelly hits you.
* * * LOW HITPOINT WARNING * * *
You are splashed with acid.
You die...

.# #..... .# # #..... ## .# ###
##.... #####.# #$÷.÷.÷##.#######
#.... ......#
#P...PP#.#.#....#####.... #....##
#......#.#.#.....##.#.... .....#
#P..JP.#.#'#......'...... .....#
#J..÷..#.#........'...... .....#
#÷...JJ#@#........))).... #....#
#....JJ#J#.......##...... #....#
#......J##......###...... #....#
#.....J########## #.#.... .....##
####### ########......
......##############.............
....#.)†.......................).
....##########.######...###.####.
....# #.# ######.# #.#>.##


You could see a jelly and 2 endoplasms.

Vanquished Creatures
  A jelly (D:2)
  4 gnolls (D:2)
  An adder (D:2)
  A dart slug (D:1)
  An orc (D:2)
  10 bats
  5 endoplasms
  3 giant cockroaches (D:1)
  3 goblins (D:2)
  8 hobgoblins
  4 jackals (D:1)
  9 kobolds
  2 quokkas (D:1)
  2 ball pythons (D:1)
  3 frilled lizards
  3 rats
60 creatures vanquished.

Vanquished Creatures (others)
  A fungus (D:2)
  11 toadstools (D:2)
12 creatures vanquished.

Grand Total: 72 creatures vanquished

Notes
Turn   | Place    | Note
-------+----------+-------------------------------------------
     0 | D:1      | Elric the Merfolk Gladiator began the quest for the Orb.
     0 | D:1      | Reached XP level 1. HP: 16/16 MP: 1/1
   145 | D:1      | Reached XP level 2. HP: 23/23 MP: 2/2
   400 | D:1      | Reached XP level 3. HP: 25/28 MP: 3/3
  1353 | D:2      | Reached skill level 5 in Polearms
  1353 | D:2      | Reached XP level 4. HP: 22/35 MP: 4/4
  1492 | D:2      | Found a runed translucent door.
  1493 | D:2      | Noticed Crazy Yiuf
  1941 | D:2      | Reached skill level 5 in Dodging
  2000 | D:2      | Reached XP level 5. HP: 22/41 MP: 5/5
  2005 | D:2      | Splashed by a jelly's acid

Illustrated notes

Levels and vault maps discovered:
D:1:      psy_arrival_fountain, layout_basic, minmay_heptomino_l4
D:2:      cheibrodos_fertilizer, layout_basic, grunt_ministairs_6,
          uniq_crazy_yiuf_cottage

Skill      XL: |  1  2  3  4 |
---------------+-------------+-----
Fighting       | 3 |  3.4
Polearms       | 5 |  5.9
Dodging        | 5 |  5.1
Throwing       | |  2.2

Action                   |  1- 3 |  4- 6 || total
-------------------------+-------+-------++-------
Melee: Trident           |   129 |    58 ||   187
       Spear             |       |     8 ||     8
  Use: Potion            |       |     3 ||     3
 Stab: Sleeping          |     1 |       ||     1
Armor: Leather armour    |    44 |    10 ||    54
Dodge: Dodged            |    88 |    54 ||   142

Table legend: (Time is in decaauts)
 A = Elapsed time spent in this place.
 B = Non-inter-level travel time spent in this place.
 C = Inter-level travel time spent in this place.
 D = Time resting spent in this place.
 E = Time spent auto-exploring this place.
 F = Levels seen in this place.
 G = Mean time per level.
                   A        B        C        D        E       F      G
               +--------+--------+--------+--------+--------+-----+--------+
         Total |   2024 |   1999 |     25 |    112 |   1424 |   2 | 1012.0 |
       Dungeon |   2024 |   1999 |     25 |    112 |   1424 |   2 | 1012.0 |
               +--------+--------+--------+--------+--------+-----+--------+

Top non-repeatable levels by time:
     D:1: 1118 daAuts
     D:2: 905 daAuts
